 Dungeon Crawl Stone Soup version 0.30-a0-738-g116ff8c4af (webtiles) character file.

Game seed: 10309136309307190828

56 kiwi3s the Chopper (level 3, -3/34 HPs)
             Began as a Minotaur Berserker on Feb 3, 2023.
             Was a Believer of Trog.
             Slain by a gnoll
             ... wielding a +0 club
              (5 damage)
             ... on level 2 of the Dungeon.
             The game lasted 00:00:41 (1005 turns).

kiwi3s the Chopper (Minotaur Berserker)             Turns: 1005, Time: 00:00:42

Health: -3/34      AC:  2    Str: 23    XL:     3   Next: 71%
Magic:  2/2        EV: 12    Int:  4    God:    Trog [**....]
Gold:   86         SH:  0    Dex:  9    Spells: 2/2 levels left

rFire   . . .      SeeInvis .    a - +0 hand axe
rCold   . . .      Faith    .    (no shield)
rNeg    . . .      Spirit   .    b - +0 animal skin
rPois   .          Reflect  .    (helmet restricted)
rElec   .          Harm     .    (no cloak)
rCorr   .          Rampage  .    (no gloves)
Will    .....                    (no boots)
Stlth   +                        (no amulet)
HPRegen 0.25/turn                (no ring)
MPRegen 0.08/turn                (no ring)

@: no status effects
A: horns 2, retaliatory headbutt
a: Renounce Religion, Berserk, Trog's Hand


You were on level 2 of the Dungeon.
You worshipped Trog.
Trog was pleased with you.
You visited 1 branch of the dungeon, and saw 2 of its levels.

You collected 86 gold pieces.

Inventory:

Hand Weapons
 a - a +0 hand axe (weapon)
Armour
 b - a +0 animal skin (worn)
Jewellery
 h - a ring of flight
Scrolls
 e - 2 scrolls of enchant armour {unknown}
 g - a scroll of identify {unknown}
 i - a scroll of poison {unknown}
 k - a scroll of teleportation {unknown}
 l - a scroll of amnesia {unknown}
Potions
 c - 2 potions of haste {unknown}
 d - 2 potions of curing {unknown}
 f - a potion of brilliance {unknown}
 j - 2 potions of heal wounds {unknown}


   Skills:
 + Level 4.4 Fighting
 + Level 4.7 Axes
 + Level 2.7 Armour
 + Level 2.5 Dodging
 - Level 0.1 Stealth


You had 2 spell levels left.
You didn't know any spells.
Your spell library was empty.

Dungeon Overview and Level Annotations

Branches:
Dungeon (2/15)

Altars:
Zin


Innate Abilities, Weirdness & Mutations

You have a pair of horns on your head.
You reflexively headbutt those who attack you in melee.


Message History

A gnoll comes into view. It is wielding a +0 club. x2
A gnoll comes into view. It is wielding a +0 flail.
The gnoll shouts!
There are monsters nearby!
The gnoll hits you from afar with a +0 halberd.
There are monsters nearby!
The gnoll barely misses you.
There are monsters nearby!
You slash the gnoll! You headbutt the gnoll.
You kill the gnoll!
Trog accepts your kill.
There are monsters nearby!
You hit the gnoll.
The gnoll is moderately wounded.
You closely miss the gnoll. The gnoll closely misses you.
The gnoll hits you with a +0 club!
There are monsters nearby!
You hit the gnoll.
The gnoll is severely wounded.
You hit the gnoll. The gnoll closely misses you.
You hit the gnoll.
The gnoll is almost dead.
You barely miss the gnoll. You hit the gnoll. The gnoll barely misses you.
The gnoll hits you but does no damage. The gnoll hits you with a +0 flail!
You are too injured to fight recklessly!
You are too injured to fight recklessly!
You are too injured to fight recklessly!
You are too injured to fight recklessly!
You hit the gnoll. Your headbutt misses the gnoll.
The gnoll is moderately wounded.
You closely miss the gnoll. x2; The gnoll hits you with a +0 club. x2
* * * LOW HITPOINT WARNING * * *
The gnoll hits you with a +0 flail.
* * * LOW HITPOINT WARNING * * *
Unknown command.
You slash the gnoll!
The gnoll is almost dead.
You closely miss the gnoll. You barely miss the gnoll.
The gnoll hits you with a +0 club.
You die...

####### .......
....... .......
....... ....... ##
......g####....
......g@......#
###.###g####..#
...###.####..#
...........#..# #####
###.###.##.#..# #....
. #.##.#..# #.###
...#.......######.###
.#........###.......#
..^.....#####.###.#.#


You could see 3 gnolls.

Vanquished Creatures
  A gnoll (D:2)
  An adder (D:2)
  A dart slug (D:1)
  4 bats (D:1)
  3 endoplasms (D:1)
  2 giant cockroaches
  3 goblins
  4 hobgoblins
  2 jackals (D:2)
  4 kobolds
  A quokka (D:1)
  5 ball pythons
  A frilled lizard (D:1)
  3 rats
35 creatures vanquished.

Notes
Turn   | Place    | Note
-------+----------+-------------------------------------------
     0 | D:1      | kiwi3s the Minotaur Berserker began the quest for the Orb.
     0 | D:1      | Reached XP level 1. HP: 19/19 MP: 0/0
   184 | D:1      | Reached XP level 2. HP: 27/27 MP: 1/1
   333 | D:1      | Reached ** piety under Trog
   636 | D:2      | Reached XP level 3. HP: 33/33 MP: 2/2
   864 | D:2      | Found a glowing silver altar of Zin.
  1005 | D:2      | Slain by a gnoll

Illustrated notes

Levels and vault maps discovered:
D:1:      psy_arrival_spokes, layout_basic
D:2:      layout_loops_cross, basic_altar, minmay_pentomino_s2,
          uniq_crazy_yiuf_cottage

Skill      XL: |  1  2 |
---------------+-------+-----
Axes           | 4 |  4.7
Fighting       | 4 |  4.4
Armour         | |  2.7
Dodging        | |  2.5
Stealth        | |  0.1

Action                     || total
---------------------------++-------
  Melee: Hand axe          ||    65
         Headbutt          ||    10
   Stab: Sleeping          ||     2
 Armour: Animal skin       ||    10
  Dodge: Dodged            ||    37

Table legend: (Time is in decaauts)
 A = Elapsed time spent in this place.
 B = Non-inter-level travel time spent in this place.
 C = Inter-level travel time spent in this place.
 D = Time resting spent in this place.
 E = Time spent auto-exploring this place.
 F = Levels seen in this place.
 G = Mean time per level.
                   A        B        C        D        E       F      G
               +--------+--------+--------+--------+--------+-----+--------+
         Total |   1010 |   1000 |     10 |      0 |    833 |   2 |  505.0 |
       Dungeon |   1010 |   1000 |     10 |      0 |    833 |   2 |  505.0 |
               +--------+--------+--------+--------+--------+-----+--------+

Top non-repeatable levels by time:
     D:1: 635 daAuts
     D:2: 375 daAuts
